AoeStats
← Guitencule

Oasis

508694997Analyzed
3v3 RM · 10d ago on Sep 23, 2026· 54m 7s· 6 players
Game mode
Random Map
Map size
Normal (6 player)
Population
200
Speed
Normal
Resources
Standard
Victory
Conquest
Starting age
Dark Age
Ending age
Imperial Age
RankedLock teamsTeams togetherTeam positionsShared explorationLock speedFull tech treeHidden civsTurbo modeCheats
Victory
Defeat
🇫🇷 Franks · France
808
+15
🇫🇷 Britons · France
807
+15
🇫🇷 Teutons · France
775
+16
🇫🇷 Japanese · France
813
-17
🇫🇷 Burgundians · France
792
-16
🇫🇷 Byzantines · France
721
-13
ELFIAKO
3:02 Loom
10:39 Feudal Age
11:06 Double-Bit Axe
11:05 Horse Collar
21:11 Castle Age
19:44 Stone Mining
20:40 Gold Mining
21:03 Forging
21:02 Scale Barding Armor
22:14 Bow Saw
22:07 Heavy Plow
24:45 Gold Shaft Mining
32:45 Imperial Age
31:02 Pikeman
34:38 Two-Man Saw
34:32 Crop Rotation
34:54 Conscription
35:20 Iron Casting
37:40 Halberdier
40:00 Wheelbarrow
41:58 Chemistry
43:07 Chain Barding Armor
44:20 Ballistics
43:43 Treadmill Crane
45:16 Logistica
45:52 Squires
45:38 Arson
45:57 Scale Mail Armor
46:41 Caravan
47:11 Coinage
47:12 Onager
50:12 Banking
51:10 Fortified Wall
Alexaumax
12:44 Feudal Age
12:28 Double-Bit Axe
17:12 Wheelbarrow
16:55 Bow Saw
27:30 Castle Age
27:51 Pikeman
39:37 Imperial Age
38:37 Scale Barding Armor
38:43 Forging
38:33 Scale Mail Armor
39:33 Gold Mining
39:33 Stone Mining
41:36 Chemistry
41:50 Cavalier
46:38 Iron Casting
Guitencule
0:27 Loom
12:56 Feudal Age
15:04 Double-Bit Axe
17:07 Horse Collar
17:19 Gold Mining
17:44 Man-at-Arms
21:31 Arson
28:42 Castle Age
28:36 Wheelbarrow
28:46 Fletching
28:44 Pikeman
30:47 Town Watch
34:30 Crossbowman
35:24 Heavy Plow
39:12 Imperial Age
37:13 Light Cavalry
41:23 Husbandry
41:35 Scale Barding Armor
41:27 Bodkin Arrow
41:44 Forging
42:23 Conscription
44:03 Elite Skirmisher
45:25 Thumb Ring
45:36 Bloodlines
47:13 Cavalier
48:03 Caravan
49:27 Gold Shaft Mining
49:44 Chain Barding Armor
49:25 Padded Archer Armor
49:28 Bracer
50:22 Gambesons
52:45 Squires
Hydropris
10:32 Feudal Age
15:36 Scale Barding Armor
15:42 Forging
23:07 Castle Age
23:20 Light Cavalry
24:02 Husbandry
35:01 Murder Holes
41:04 Imperial Age
38:24 Town Watch
41:08 Chain Barding Armor
41:24 Iron Casting
42:10 Wheelbarrow
41:21 Loom
41:37 Town Patrol
42:49 Chivalry
43:22 Cavalier
49:24 Caravan
50:58 Paladin
53:02 Conscription
53:24 Plate Barding Armor
52:51 Padded Archer Armor
Zyel Blblbl
5:34 Loom
13:13 Feudal Age
24:41 Castle Age
24:49 Stone Mining
24:53 Gold Mining
25:27 Bloodlines
26:58 Stone Shaft Mining
38:13 Pikeman
40:41 Heated Shot
41:12 Ballistics
49:43 Scale Mail Armor
49:55 Forging
54:50 Imperial Age
haduardsauro
3:53 Loom
9:08 Feudal Age
9:53 Double-Bit Axe
10:49 Horse Collar
14:32 Man-at-Arms
16:10 Forging
16:01 Scale Mail Armor
24:21 Castle Age
22:49 Fletching
23:00 Padded Archer Armor
24:08 Arson
25:40 Bow Saw
25:38 Heavy Plow
26:53 Long Swordsman
27:19 Gambesons
27:35 Squires
26:55 Pikeman
28:13 Stone Mining
28:16 Gold Mining
32:10 Wheelbarrow
33:44 Murder Holes
36:34 Imperial Age
35:54 Hand Cart
35:59 Town Watch
36:28 Caravan
37:38 Gold Shaft Mining
37:40 Conscription
38:35 Two-Man Saw
38:07 Halberdier
38:13 Elite Skirmisher
39:29 Ballistics
41:54 Chemistry
41:55 Yeomen
41:07 Two-Handed Swordsman
41:53 Warwolf
43:22 Elite Longbowman
45:32 Iron Casting
45:12 Chain Mail Armor
44:53 Bodkin Arrow
45:14 Leather Archer Armor
47:22 Hoardings
47:02 Champion
51:09 Crossbowman
51:54 Arbalester
54:50 Siege Engineers
Connection lost

Rejoining the realm…

Still unreachable

The connection could not be restored.

Session expired

The server has moved on; the page needs a fresh start.